Cogmind - Beta 9.4 @@@ ROGUE MODE // 2020.01.28 @ 20:23:01 Player: Judas Result: Self-destructed Performance ------------- Evolutions (1) 500 Regions Visited (2) 400 Robots Destroyed (29) 145 Value Destroyed (765) 765 Prototype IDs (0) 0 Alien Tech Used (0) 0 Bonus (29) 29 TOTAL SCORE: 1839 Bonus ------- High Alert Combat Kills 29 Cogmind --------- Core Integrity 221/400 Matter 284/300 Energy 250/250 System Corruption 0% Temperature Cool (0) Movement Rolling (90) Ox1 Location -9/Materials Parts ------- > --- POWER (1) -------- Ion Engine > --- PROPULSION (3) --- Wheel Wheel > --- UTILITY (2) ------ Small Storage Unit Large Storage Unit > --- WEAPON (3) ------- Light Assault Rifle > --- INVENTORY (12) --- Ion Engine Light Treads Compact Wheel Improved Sensor Array Flail Peak State ------------ > --- POWER ------------ Light Nuclear Core > --- PROPULSION ------- Light Treads Wheel Compact Wheel > --- UTILITY ---------- Small Storage Unit Small Storage Unit > --- WEAPON ----------- EM Pulse Gun Beam Cannon > --- INVENTORY -------- Ion Engine Aluminum Leg Aluminum Leg Improved Terrain Scanner Light Assault Rifle Light Assault Rifle EMP Blaster Flail [Rating: 11] Favorites ----------- Power Light Nuclear Core Engine Ion Engine Power Core Light Nuclear Core Propulsion Wheel Treads Light Treads Leg Aluminum Leg Wheel Wheel Utility Small Storage Unit Device Improved Terrain Scanner Storage Small Storage Unit Weapon Light Assault Rifle Energy Gun EM Pulse Gun Energy Cannon Beam Cannon Ballistic Gun Light Assault Rifle Launcher EMP Blaster Build | -11 -10 -9 ------- Run | Scr Mat Mat Slots Evolved 2 | . . 2 Power . | . . . Propulsion 1 | . . 1 Utility . | . . . Weapon 1 | . . 1 Parts Attached 25 | 8 3 14 Power 3 | 1 1 1 Engine 2 | 1 . 1 Core 1 | . 1 . Reactor . | . . . Propulsion 8 | 2 . 6 Treads 2 | . . 2 Leg 2 | . . 2 Wheel 4 | 2 . 2 Hover . | . . . Flight . | . . . Utility 4 | 3 . 1 Device 1 | 1 . . Storage 3 | 2 . 1 Processor . | . . . Hackware . | . . . Protection . | . . . Artifact . | . . . Weapon 10 | 2 2 6 Energy Gun 3 | 1 1 1 Energy Cannon 1 | . 1 . Ballistic Gun 5 | 1 . 4 Ballistic Cannon . | . . . Launcher 1 | . . 1 Special Weapon . | . . . Impact Weapon . | . . . Slashing Weapon . | . . . Piercing Weapon . | . . . Special Melee Weapon . | . . . Unidentified Prototypes . | . . . Parts Lost 13 | . 1 12 Power 1 | . . 1 Propulsion 4 | . . 4 Utility . | . . . Weapon 8 | . 1 7 Highest Loss Streak 7 | . 1 7 Average Slot Usage (%) 86 | . 97 79 Engine 1 | . 3 . Core 8 | . 10 7 Treads 6 | . . 10 Leg 6 | . . 11 Wheel 14 | . 28 6 Storage 24 | . 28 22 Energy Gun 9 | . 17 4 Energy Cannon 3 | . 2 4 Ballistic Gun 9 | . 6 10 Naked Turns . | . . . Heaviest Build 29 | 16 18 29 Greatest Support 26 | 26 26 26 Greatest Overweight (x) 8 | 2 . 8 Average Overweight (x) . | . . . Largest Inventory Capacity 12 | 8 8 12 Average Capacity 8 | 6 8 9 Most Carried 8 | 7 8 8 Average Carried 6 | 3 7 6 Final Capacity 12 | 8 8 12 Final Carried 8 | 7 8 5 Class Distribution -------------------- 100% | Mutant Dominant Class ---------------- Mutant | -10/Materials Mutant | -9/Materials Resources | -11 -10 -9 ----------- Run | Scr Mat Mat Matter Collected 501 | 277 53 171 Remotely . | . . . Salvage Created 1101 | 122 458 521 Parts 57 | 5 21 31 Haulers Intercepted 1 | . 1 . Recyclers Shooed . | . . . Parts Field Recycled . | . . . Retrieved Matter . | . . . Parts Self-Destructed . | . . . Prevented . | . . . Kills | -11 -10 -9 ------- Run | Scr Mat Mat Combat Hostiles Destroyed 22 | . 9 13 Guns 14 | . 6 8 Cannons 3 | . 1 2 AOE 5 | . 2 3 Classes Destroyed 9 | 2 3 4 Worker 1 | . . 1 Builder 2 | . . 2 Tunneler 1 | 1 . . Hauler 1 | . 1 . Recycler 1 | 1 . . Watcher 1 | . 1 . Swarmer 4 | . . 4 Grunt 16 | . 9 7 Sentry 2 | . . 2 Best Kill Streak 8 | 1 4 8 Combat Bots Only 6 | . 4 6 Max Kills in Single Turn 3 | 1 1 3 Gunslinging . | . . . Exploded 1 | . 1 1 Melee . | . . . Uniques/NPCs Destroyed . | . . . Combat | -11 -10 -9 -------- Run | Scr Mat Mat Damage Taken 1497 | 9 297 1191 Core 296 | . 117 179 Absorbed by Shields . | . . . Core Remaining (%) 76 | 100 53 . Volleys Fired 100 | 7 31 62 Largest 3 | 2 2 3 Hottest 120 | 60 100 120 Shots Fired 174 | 14 55 105 Gun 146 | 14 49 83 Cannon 24 | . 6 18 Launcher 4 | . . 4 Special . | . . . Kinetic 94 | 7 15 72 Thermal 30 | . 9 21 Explosive . | . . . Electromagnetic 50 | 7 31 12 Robot Hit Streak 11 | 6 9 11 Robot Miss Streak 3 | 2 2 3 Penetration Max . | . . . Secondary Targets 2 | . . 2 Max Gunslinging Chain 1 | . . 1 Shots Hit Robots 111 | 11 37 63 Core Hits 55 | 3 20 32 Critical Hits 1 | . 1 . Critical Kills 1 | . 1 . Critical Parts Destroyed . | . . . Melee Attacks . | . . . Impact . | . . . Slashing . | . . . Piercing . | . . . Sneak Attacks . | . . . Combat Hostiles . | . . . Follow-up Attacks . | . . . Damage Inflicted 1726 | 193 648 885 Guns 1037 | 133 420 484 Cannons 224 | . 53 171 Explosions 465 | 60 175 230 Melee . | . . . Ramming . | . . . Kinetic 485 | 44 47 394 Thermal 559 | 60 250 249 Explosive . | . . . Electromagnetic 682 | 89 351 242 Impact . | . . . Slashing . | . . . Piercing . | . . . Highest Corruption . | . . . Average Corruption . | . . . Corruption Purged . | . . . Overload Shots . | . . . Overflow Damage 46 | 30 . 16 Projectiles . | . . . Explosions 46 | 30 . 16 Melee . | . . . Knockbacks . | . . . Impact . | . . . Kinetic . | . . . Secondary . | . . . Self-Inflicted Damage 159 | 9 65 85 Shots 7 | 1 2 4 Rammed . | . . . Targets Rammed . | . . . Kicked . | . . . Crushed . | . . . Highest Temperature 246 | 40 216 246 Average Temperature 74 | 23 63 94 Received Heat Transfer 597 | . 126 471 Effects 3 | . 1 2 Energy Bleed 1 | . 1 . Interference 2 | . . 2 Siege Activations . | . . . Robots Corrupted . | . . . Combat Hostiles . | . . . Parts Fried 4 | . 4 . Impact Corruptions . | . . . Robots Melted . | . . . Combat Hostiles . | . . . Parts Melted 2 | . 1 1 Heat Transferred 1068 | 100 411 557 Parts Sabotaged . | . . . Parts Stolen . | . . . Parts Stripped . | . . . Power Chain Reactions 5 | 1 3 1 Missiles Intercepted . | . . . Alert | -11 -10 -9 ------- Run | Scr Mat Mat Peak Influence 455 | 10 345 455 Average Influence 207 | 3 178 271 Maximum Alert Level 2 | . 1 2 Low Security (%) 39 | 100 41 23 Level 1 57 | . 58 70 Level 2 3 | . . 5 Level 3 . | . . . Level 4 . | . . . Level 5 . | . . . High Security . | . . . Max Security . | . . . Squads Dispatched 7 | . 3 4 Investigation 3 | . 1 2 Extermination . | . . . Reinforcement 4 | . 2 2 Assault . | . . . Garrison . | . . . Intercept . | . . . Construction Impeded . | . . . Haulers Reinforced . | . . . Stealth | -11 -10 -9 --------- Run | Scr Mat Mat Distress Signals 4 | . 2 2 Communications Jammed . | . . . Distress Signals . | . . . Times Spotted 37 | . 15 22 Peak Tracking Total 10 | . 3 10 Tactical Retreats 3 | . 1 2 Traps | -11 -10 -9 ------- Run | Scr Mat Mat Traps Triggered 1 | . . 1 Indirectly . | . . . Trap Hack Attempts . | . . . Triggered . | . . . Disarmed . | . . . Reprogrammed . | . . . Reused . | . . . Traps Extracted . | . . . Installed . | . . . Triggered . | . . . Machines | -11 -10 -9 ---------- Run | Scr Mat Mat Machines Disabled 1 | . . 1 Max in Single Turn 1 | . . 1 Machines Sabotaged . | . . . Garrisons Compromised . | . . . Overloaded Fab Kills . | . . . Fab Network Shutdowns . | . . . Hacking | -11 -10 -9 --------- Run | Scr Mat Mat Machines Accessed 6 | . 4 2 Terminals 4 | . 3 1 Fabricators . | . . . Repair Stations . | . . . Recycling Units 2 | . 1 1 Scanalyzers . | . . . Garrison Access . | . . . Total Hacks 11 | . 7 4 Successful 4 | . 2 2 Failed 7 | . 5 2 Catastrophic . | . . . Database Lockouts . | . . . Manual 9 | . 5 4 Terminals 9 | . 6 3 Fabricators . | . . . Repair Stations . | . . . Recycling Units 2 | . 1 1 Scanalyzers . | . . . Garrison Access . | . . . Terminal Hacks . | . . . Fabricator Hacks . | . . . Repair Station Hacks . | . . . Recycling Unit Hacks . | . . . Scanalyzer . | . . . Garrison Access Hacks . | . . . Unauthorized Hacks 13 | . 7 6 Terminals 2 | . 1 1 Botnet 2 | . 1 1 Fabricators . | . . . Repair Stations . | . . . Recycling Units 2 | . 1 1 Tunnel 2 | . 1 1 Scanalyzers . | . . . Garrison Access . | . . . Data Cores Recovered . | . . . Used . | . . . Hacking Detections 4 | . 3 1 Full Trace Events . | . . . Feedback Events . | . . . Feedback Blocked . | . . . Robot Schematics Acquired . | . . . Robots Built . | . . . Matter . | . . . Time . | . . . Total Robot Build Rating . | . . . Part Schematics Acquired . | . . . Parts Built . | . . . Matter . | . . . Time . | . . . Total Part Build Rating . | . . . Parts Repaired . | . . . Time . | . . . Parts Recycled . | . . . Recycled Matter . | . . . Retrieved Matter . | . . . Retrieved Components . | . . . Parts Scanalyzed . | . . . Part Schematics Acquired . | . . . Parts Damaged . | . . . Bothacking | -11 -10 -9 ------------ Run | Scr Mat Mat Used RIF Installer . | . . . Robots Hacked . | . . . Non-combat . | . . . Combat . | . . . Robot Hacks Applied . | . . . Relay Couplers Released . | . . . Robots Rewired . | . . . Allies Hacked . | . . . Hacks Repelled . | . . . Allies | -11 -10 -9 -------- Run | Scr Mat Mat Total Allies . | . . . Largest Group . | . . . Highest-Rated Group . | . . . Highest-Rated Ally . | . . . Total Orders . | . . . Ally Attacks . | . . . Total Damage . | . . . Kills . | . . . Allies Corrupted . | . . . Allies Melted . | . . . Intel | -11 -10 -9 ------- Run | Scr Mat Mat Robot Analysis Total . | . . . Derelict Logs Recovered . | . . . Drone Launches . | . . . Drone Recoveries . | . . . Exploration | -11 -10 -9 ------------- Run | Scr Mat Mat Turns Passed 893 | 113 294 486 Spaces Moved 504 | 84 219 201 Core 23 | 9 . 14 Treads 29 | . . 29 Legs 77 | . . 77 Wheels 375 | 75 219 81 Hover . | . . . Flight . | . . . Fastest Speed 50 | 50 90 90 Average Speed 110 | 88 90 141 Slowest Speed 450 | 150 90 450 Overloaded Moves . | . . . Propulsion Burnouts . | . . . Robots Hopped . | . . . Cave-ins Triggered . | . . . Exploration Rate (%) 18 | 4 32 18 Regions Visited 2 Branch Regions . Pre-discovered Areas 2 | . 1 1 Known Exits Taken . | . . . Unknown Exits Taken 2 | 1 1 . Scrap Searched . | . . . Spaces Dug . | . . . Terrain Destroyed 17 | 6 7 4 Melee . | . . . Projectile . | . . . AOE 17 | 6 7 4 Actions | -11 -10 -9 --------- Run | Scr Mat Mat Total 680 | 106 264 310 Wait 33 | . 5 28 Move 502 | 83 218 201 Hop . | . . . Pick Up 13 | 7 3 3 Fast Attach 16 | 8 3 5 Attach 6 | . . 6 Detach . | . . . Swap 3 | . . 3 Drop 7 | 1 4 2 Fire 100 | 7 31 62 Melee . | . . . Ram . | . . . Kick . | . . . Crush . | . . . Escape Stasis . | . . . Rewire . | . . . Trap . | . . . Miscellaneous . | . . . Route ------- -11/Scrapyard -10/Materials -9/Materials History --------- Turn | Location | Event 13 | -11/Scrapyard | Discovered new exit (range 16) 114 | -11/Scrapyard | Entered Materials 315 | -10/Materials | Build established: Mutant 398 | -10/Materials | Discovered new exit (range 4) 408 | -10/Materials | Entered another Materials area 408 | -9/Materials | Evolved 2 slots: Propulsion x1, Weapon x1 841 | -9/Materials | Lost 7 parts (1p2n4w) 894 | -9/Materials | Self-destructed Last Messages --------------- 00810_ G-34 Mercenary destroyed. 00810_ EMP Blaster destroyed. 00810_ Destroyed EMP Blaster. 00821_ Acquired 20 matter. 00825_ U-05 Engineer lays Concrete. 00834_ U-05 Engineer builds a Wall. 00837_ U-05 Engineer builds a Door. 00841_ U-05 Engineer lays Concrete. 00846_ U-05 Engineer builds a Wall. 00847_ U-05 Engineer lays Concrete. 00849_ U-05 Engineer builds a Wall. 00857_ Acquired Wheel. 00868_ Acquired Ion Engine. 00869_ Acquired 13 matter. 00877_ Lgt. Treads destroyed. 00879_ Particle Gun destroyed. 00882_ K-01 Serf destroyed. 00884_ K-01 Serf collects debris. 00890_ U-05 Engineer lays Concrete. 00893_ K-01 Serf collects debris. Map ----- +----------------------------------------------------+ | ?????????????????????????????????????????????????? | | ?????????????????????????????????????????????????? | | ?????????????????????????????????????????????????? | | ?????????????????????????????????????????????????? | | ?????????????????????????????????????????????????? | | ?????????????????????????????????????????????????? | | ?????????????????????????????????????????????????? | | ?????????????????????????????????????????????????? | | ?????????????????????????????????????????????????? | | ?????????????????????????????????????????????????? | | ????????????????????????? ?????????????????????? | | ????????????????????????? #????????????????????? | | ????????????????????????? #????????????????????? | | ????????????????????????? #????????????????????? | | ?????????????????????????w #????????????????????? | | ????????????????????????# #????????????????????? | | ???????????????????????? #?????????????? ???? | | ???????????????????????? #?????????????? ???? | | ???????????????????????? #?????????????? ???? | | ?????????????????######?# #?????????????# #??? | | ?????????????????# #?# gk#?????????????# +??? | | ?????????????????#"" #?#gg%#?????????????# #??? | | ?????????????????#"" #?# =*#?????????????# #??? | | ?????????????????#"T #?# #?????????????# #??? | | ?????????????????#"" #?# #?????????????# #??? | | ?????????????????#""= #?#@ #?????????????# #??? | | ?????????????????# !% ### ###########???# #### | | ????????#######??#% % ## ## "T" #???# | | ????????? ??#==!% ## ## #???# | | ??????????? ####+### # ##### ? | | ????????????? # [=%% T # / ??? | | ??????????????? + | ! ""r +%" ##?###/###?? | | ????????????????# * u # """ #??# #?? | | ????????????????# #### # """ #??# #?? | | ????????????????# #??## ## """ #??# " #?? | | ????????????????# #???# ## #??# """ #?? | | ????????????????# #???# ##########???# """ #?? | | ????????????????# #???# #????????????# """ #?? | | ??????????? !|%#???# #????????????# "" #?? | | ??????????####### #???# #????????????# """ #?? | | ????????????????# #??## ##???????????#%"" #?? | | ????????????????# #??# ########????# "" #?? | | ????????????????# #??# ######%% !#?? | | ????????????????# #??# + #?? | | ????????????????# #??# ############?? | | ????????????????# #??# #### # "T" #?????? | | ????????????????# #??#######??# # #?????? | | ????????????????# #???????????# # = #?????? | | ????????????????# #???????????# + ! #?????? | | ????????????????# #########???# # !! ##????? | +----------------------------------------------------+ Best States ------------- Heat Dissipation 28 Energy Generation 14 Energy Capacity 250 Matter Stores 300 Matter Capacity 300 Sight Range 16 Terrain Scan Range 16 Terrain Scan Density 10 Evasion (%) 42 Recoil Reduction 1 Item Schematics ----------------- None Robot Schematics ------------------ None Fabricated ------------ Nothing Alien Tech Used ----------------- None Achievements -------------- None Challenges ------------ None Game ------ Seed AluminumControlCoupler Manual? 0 Play Time 00:15:50 Cumulative 32.7 hours Start 2020.01.28 @ 20:02:52 End 2020.01.28 @ 20:23:01 Sessions 1 Manual Loads 0 Difficulty Rogue Special Mode None Game No. 61 Rogue 61 Adventurer 0 Explorer 0 Win Type - Total 0 Types 0/0/0/0/0/0/0 Lore% 24 Gallery% 29 Achievement% 24 Wizard Run 0 Options --------- ASCII 0 Keyboard 0 Movement Mouse Keybinds 0 Fullscreen 2 Font 18/SmallcapsGlow Map View 76x50 Tactical HUD 1 Map Filters NONE Filters NONE Steam 1 RUN: cc7722d6-efc5-4385-babe-6b4351475c7f